 Dungeon Crawl Stone Soup version 0.20-a0-3-g334f831 (webtiles) character file.

151 Yakui the Chopper (level 5, -8/42 HPs)
             Began as a Demonspawn Chaos Knight on Oct 30, 2016.
             Killed by divine providence
             ... invoked by an orc priest
              (16 damage)
             ... on level 3 of the Dungeon.
             The game lasted 00:04:47 (1465 turns).

Yakui the Chopper (Demonspawn Chaos Knight)         Turns: 1465, Time: 00:04:48

Health: -8/42      AC: 12    Str: 12    XL:     5   Next: 10%
Magic:  5/5        EV: 12    Int: 13    God:    Xom [..*...]
Gold:   84         SH:  0    Dex: 14    Spells: 0 memorised, 4 levels left

rFire  . . .     SeeInvis .     a - +0 hand axe (chaos)
rCold  . . .     Gourm    .     b - +2 leather armour
rNeg   . . .     Faith    .     (no shield)
rPois  .         Spirit   .     (no helmet)
rElec  .         Reflect  .     i - +0 cloak
rCorr  .         Harm     .     (no gloves)
MR     .....                    (no boots)
Stlth  +.........               (no amulet)
                                (no ring)
                                (no ring)

@: sanguine armour
A: hooves 1, rot immunity, sanguine armour 1
a: Renounce Religion


You were on level 3 of the Dungeon.
You worshipped Xom.
You were a toy of Xom.
You were not hungry.

You visited 1 branch of the dungeon, and saw 3 of its levels.

You collected 84 gold pieces.

Inventory:

Hand Weapons
 a - a +0 hand axe of chaos (weapon)
Armour
 b - a +2 leather armour (worn)
 i - a +0 cloak (worn)
Wands
 n - a wand of acid (6/15)
Scrolls
 e - a scroll of blinking {unknown}
 f - a scroll of teleportation {unknown}
 h - a scroll of noise {unknown}
 j - a scroll of fog {unknown}
 o - a scroll of magic mapping {unknown}
 q - a scroll of enchant weapon {unknown}
Potions
 g - a potion of resistance {unknown}
 l - 2 potions of berserk rage
 m - a potion of might {unknown}
 r - a potion of brilliance {unknown}
Comestibles
 c - 4 bread rations
 d - 4 fruits
 k - 2 meat rations


   Skills:
 + Level 3.8 Fighting
 * Level 4.1 Axes
 - Level 1.7 Armour
 + Level 2.3 Dodging


You had 4 spell levels left.
You didn't know any spells.

Dungeon Overview and Level Annotations

Branches:
Dungeon (3/15)

Altars:
Cheibriados
Trog


Innate Abilities, Weirdness & Mutations

You have large cloven feet.
You are immune to rotting.
When seriously injured, your bleeding wounds create armour. (AC +6)


Message History

The orc priest hits you with a hand axe.
* * * LOW HITPOINT WARNING * * *
You emit a cloud of colourful smoke!
The orc priest barely misses you.
You hit the orc priest.
The orc priest is severely wounded.
The orc priest hits you but does no damage.
You completely miss the orc priest.
The orc priest is severely wounded.
The orc priest looks braver for a moment.
The orc priest hits you but does no damage.
You barely miss the orc priest.
The orc priest is severely wounded.
The orc priest completely misses you.
You hit the orc priest but do no damage.
The orc priest is severely wounded.
The orc priest invokes the aid of Beogh against you.
Beogh smites you!
You die...
Xom is highly amused!

..............#
..............#
#####..####..#
#..# #.)####
#..####.[)..#
#.....##.##.#####
#§###.##.##......
##.#####§#
#.##.########
.....go@§# #.##.#
###..S#### #.##..
∆ ....# #.####
### ∆..# ### .#
.# ##. #..


You could see an orc priest, an adder and a goblin.

Vanquished Creatures
  A howler monkey (D:3)
  An adder (D:2)
  An ooze (D:1)
  A worm (D:2)
  4 dart slugs
  4 leopard geckos
  10 orcs (D:3)
  A ball python (D:2)
  4 giant cockroaches
  9 hobgoblins
  4 jackals (D:1)
  2 quokkas
  5 bats
  5 frilled lizards
  8 goblins
  4 kobolds
  8 rats
72 creatures vanquished.

Notes
Turn   | Place    | Note
-------+----------+-------------------------------------------
     0 | D:1      | Yakui the Demonspawn Chaos Knight began the quest for the Orb.
     0 | D:1      | Reached XP level 1. HP: 18/18 MP: 1/1
    32 | D:1      | XOM: divination: magic mapping
    47 | D:1      | XOM: potion effect (haste)
    54 | D:1      | Reached skill level 1 in Dodging
   237 | D:1      | Gained mutation: You have large cloven feet. [demonic ancestry]
   237 | D:1      | Reached XP level 2. HP: 23/24 MP: 2/2
   272 | D:1      | Reached skill level 3 in Axes
   294 | D:1      | XOM: harmless Chrm miscast
   452 | D:1      | XOM: potion effect (invisibility)
   454 | D:1      | Gained mutation: You are immune to rotting. [demonic ancestry]
   454 | D:1      | Reached XP level 3. HP: 29/29 MP: 3/3
   593 | D:2      | XOM: potion effect (agility)
   731 | D:2      | XOM: harmless Tmut miscast
   926 | D:2      | Found a snail-covered altar of Cheibriados.
  1038 | D:2      | Reached XP level 4. HP: 34/36 MP: 4/4
  1083 | D:2      | Found a bloodstained altar of Trog.
  1383 | D:3      | Reached skill level 4 in Axes
  1383 | D:3      | Gained mutation: When seriously injured, your bleeding wounds create armour. (AC +6) [demonic ancestry]
  1383 | D:3      | Reached XP level 5. HP: 24/42 MP: 5/5
  1424 | D:3      | XOM: divination: detect items
  1461 | D:3      | XOM: smoke on damage
  1465 | D:3      | Killed from afar by an orc priest

Vault maps used:
D:1:      sevenhm_arrival_forest_fort_small_4, minmay_pentomino_w4
D:2:      kennysheep_slug_shrine, trog_book
D:3:      first_bread

Skill      XL: |  1  2  3  4 |
---------------+-------------+-----
Dodging        | 1 2 |  2.3
Axes           | 3 4 |  4.1
Fighting       | |  3.8
Armour         | |  1.7

Action                   |  1- 3 |  4- 6 || total
-------------------------+-------+-------++-------
Melee: Hand axe          |   128 |   114 ||   242
       Kick              |    29 |    27 ||    56
  Use: Scroll            |       |     4 ||     4
 Stab: Invisible         |     1 |       ||     1
       Petrifying        |     1 |       ||     1
       Petrified         |     1 |       ||     1
  Eat: Chunk             |     1 |     2 ||     3
Armor: Leather armour    |    31 |    35 ||    66
Dodge: Dodged            |    87 |    77 ||   164
